 Dungeon Crawl Stone Soup version 0.27-a0-1548-gf8a67e7463 (webtiles) character file.

Game seed: 11877593937449939211

83 Lemonice the Covert (level 4, -1/41 HPs)
             Began as a Gnoll Delver on July 14, 2021.
             Slain by a sky beast (4 damage)
             ... on level 5 of the Dungeon.
             The game lasted 00:00:40 (219 turns).

Lemonice the Covert (Gnoll Delver)                   Turns: 219, Time: 00:00:40

Health: -1/41      AC:  3    Str: 13    XL:     4   Next: 44%
Magic:  5/5        EV: 13    Int:  9    God:
Gold:   6          SH:  0    Dex: 13    Spells: 5/5 levels left

rFire    . . .     SeeInvis .   a - +0 falchion
rCold    . . .     Faith    .   (no shield)
rNeg     . . .     Spirit   .   b - +0 leather armour
rPois    .         Reflect  .   (no helmet)
rElec    .         Harm     .   (no cloak)
rCorr    .         Rampage  .   (no gloves)
Will     .....                  (no boots)
Stlth    ++++......             (no amulet)
HPRegen  0.13/turn              (no ring)
MPRegen  0.09/turn              (no ring)

@: no status effects
A: fangs 1, strong nose, distributed training
a: no special abilities


You were on level 5 of the Dungeon.
You visited 1 branch of the dungeon, and saw 1 of its levels.

You collected 6 gold pieces.

Inventory:

Hand Weapons
 a - a +0 falchion (weapon)
Armour
 b - a +0 leather armour (worn)
Wands
 g - a wand of digging (3)
Scrolls
 c - a scroll of fog
 d - a scroll of magic mapping
 e - a scroll of fear
Potions
 f - a potion of haste


   Skills:
 + Level 6.6 Fighting
 + Level 1.1 Short Blades
 + Level 4.6 Long Blades
 + Level 1.1 Axes
 + Level 1.1 Maces & Flails
 + Level 1.1 Polearms
 + Level 1.1 Staves
 + Level 1.1 Slings
 + Level 1.1 Bows
 + Level 1.1 Crossbows
 + Level 1.1 Throwing
 + Level 1.1 Armour
 + Level 4.6 Dodging
 + Level 9.6 Stealth
 + Level 1.1 Shields
 + Level 1.1 Unarmed Combat
 + Level 1.1 Spellcasting
 + Level 0.9 Conjurations
 + Level 0.9 Hexes
 + Level 0.9 Summonings
 + Level 0.9 Necromancy
 + Level 0.9 Translocations
 + Level 0.9 Transmutations
 + Level 0.9 Fire Magic
 + Level 0.9 Ice Magic
 + Level 0.9 Air Magic
 + Level 0.9 Earth Magic
 + Level 0.9 Poison Magic
 + Level 1.2 Invocations
 + Level 1.1 Evocations


You had 5 spell levels left.
You didn't know any spells.
Your spell library was empty.

Dungeon Overview and Level Annotations

Branches:
Dungeon (5/15)
 Temple: D:4-7

Altars:
Xom
Zin


Innate Abilities, Weirdness & Mutations

You have very sharp teeth.
Your uncanny sense of smell can sniff out nearby items.
Your experience applies equally to all skills.


Message History

The sky beast is lightly wounded.
The sky beast misses you.
You riposte.
You barely miss the sky beast. Your bite misses the sky beast.
The sky beast is lightly wounded.
You hit the sky beast but do no damage.
The sky beast is lightly wounded.
The sky beast misses you.
You hit the sky beast.
The sky beast is moderately wounded.
The sky beast closely misses you.
You hit the sky beast but do no damage.
The sky beast is moderately wounded.
The sky beast closely misses you.
You hit the sky beast but do no damage.
You bite the sky beast, but do no damage.
The sky beast is moderately wounded.
The sky beast hits you. The sky beast shocks you.
* * * LOW HITPOINT WARNING * * *
You barely miss the sky beast.
The sky beast is moderately wounded.
The sky beast hits you.
* * * LOW HITPOINT WARNING * * *
The sky beast shocks you.
* * * LOW HITPOINT WARNING * * *
You barely miss the sky beast.
The sky beast is moderately wounded.
The sky beast misses you.
You riposte.
You hit the sky beast.
The sky beast is moderately wounded.
The sky beast hits you but does no damage.
You hit the sky beast.
The sky beast is moderately wounded.
The sky beast barely misses you.
The sky beast flickers out of sight!
Deactivating autopickup; reactivate with Ctrl-A.
An ice beast comes into view.
There is a stone staircase leading up here.
A sky beast appears from thin air!
Reactivating autopickup.
The sky beast hits you.
You die...

....... .......
##### ....... ....#
.......#.#...#.
Y..............
.......#...
#...##.###$##.
#..@..(.......
#....#Y##.#### ∆
#.##.#..{.######...
................>#
.
.....####.#.######
.. ####..#.....#
...######.#.###.#
............###.#
.......#........#


You could see an ice beast (asleep) and a sky beast.

Vanquished Creatures
  A bullfrog zombie (D:5)
  A hound (D:5)
  A killer bee zombie (D:5)
3 creatures vanquished.

Notes
Turn   | Place    | Note
-------+----------+-------------------------------------------
     0 | D:5      | Reached skill level 9 in Stealth
     0 | D:5      | Lemonice the Gnoll Delver began the quest for the Orb.
     0 | D:5      | Reached XP level 1. HP: 23/23 MP: 1/1
    12 | D:5      | Noticed a phantom
    26 | D:5      | Found a shimmering altar of Xom.
    26 | D:5      | Found a glowing silver altar of Zin.
    26 | D:5      | Noticed an angel
    54 | D:5      | Reached XP level 2. HP: 11/29 MP: 2/2
   182 | D:5      | Reached skill level 1 in Short Blades
   182 | D:5      | Reached skill level 1 in Axes
   182 | D:5      | Reached skill level 1 in Maces & Flails
   182 | D:5      | Reached skill level 1 in Polearms
   182 | D:5      | Reached skill level 1 in Staves
   182 | D:5      | Reached skill level 1 in Slings
   182 | D:5      | Reached skill level 1 in Bows
   182 | D:5      | Reached skill level 1 in Crossbows
   182 | D:5      | Reached skill level 1 in Throwing
   182 | D:5      | Reached skill level 1 in Armour
   182 | D:5      | Reached skill level 1 in Shields
   182 | D:5      | Reached skill level 1 in Unarmed Combat
   182 | D:5      | Reached skill level 1 in Spellcasting
   182 | D:5      | Reached skill level 1 in Invocations
   182 | D:5      | Reached skill level 1 in Evocations
   182 | D:5      | Reached XP level 3. HP: 22/35 MP: 2/4
   196 | D:5      | Reached XP level 4. HP: 22/41 MP: 3/5
   203 | D:5      | Noticed a sky beast
   212 | D:5      | HP: 2/41 [sky beast (6)]
   218 | D:5      | Noticed an ice beast
   219 | D:5      | Slain by a sky beast

Illustrated notes

Levels and vault maps discovered:
D:5:      layout_basic, grunt_temple_overflow_order_and_chaos_1,
          makhleb_grotto_becter, mainiacjoe_overflow_catwalk

Skill      XL: |  1  2 |
---------------+-------+-----
Stealth        | |  9.6
Short Blades   | 1 |  1.1
Axes           | 1 |  1.1
Maces & Flails | 1 |  1.1
Polearms       | 1 |  1.1
Staves         | 1 |  1.1
Slings         | 1 |  1.1
Bows           | 1 |  1.1
Crossbows      | 1 |  1.1
Throwing       | 1 |  1.1
Armour         | 1 |  1.1
Shields        | 1 |  1.1
Unarmed Combat | 1 |  1.1
Spellcasting   | 1 |  1.1
Invocations    | 1 |  1.2
Evocations     | 1 |  1.1
Fighting       | |  6.6
Long Blades    | |  4.6
Dodging        | |  4.6
Conjurations   | |  0.9
Hexes          | |  0.9
Summonings     | |  0.9
Necromancy     | |  0.9
Translocations | |  0.9
Transmutations | |  0.9
Fire Magic     | |  0.9
Ice Magic      | |  0.9
Air Magic      | |  0.9
Earth Magic    | |  0.9
Poison Magic   | |  0.9

Action                   |  1- 3 |  4- 6 || total
-------------------------+-------+-------++-------
Melee: Falchion          |    20 |    10 ||    30
       Bite              |       |     1 ||     1
 Stab: Sleeping          |       |     1 ||     1
Armor: Leather armour    |     9 |     2 ||    11
Dodge: Dodged            |    13 |     6 ||    19
       Rpst.: Falchion   |     4 |     2 ||     6

Table legend: (Time is in decaauts)
 A = Elapsed time spent in this place.
 B = Non-inter-level travel time spent in this place.
 C = Inter-level travel time spent in this place.
 D = Time resting spent in this place.
 E = Time spent auto-exploring this place.
 F = Levels seen in this place.
 G = Mean time per level.
                   A        B        C        D        E       F      G
               +--------+--------+--------+--------+--------+-----+--------+
         Total |    221 |    221 |      0 |      0 |    129 |   1 |  221.0 |
       Dungeon |    221 |    221 |      0 |      0 |    129 |   1 |  221.0 |
               +--------+--------+--------+--------+--------+-----+--------+

Top non-repeatable levels by time:
     D:5: 221 daAuts
